 Dungeon Crawl Stone Soup version 0.27-a0-1188-g73eefd5def (webtiles) character file.

Game seed: 1788554856772664565

47 mordus the Chopper (level 3, -2/31 HPs)
             Began as a Minotaur Berserker on May 21, 2021.
             Was a Believer of Trog.
             Slain by a goblin
             ... wielding a +0 dagger
             ... led by Robin
              (5 damage)
             ... on level 2 of the Dungeon.
             The game lasted 00:03:26 (1289 turns).

mordus the Chopper (Minotaur Berserker)             Turns: 1289, Time: 00:03:27

Health: -2/31      AC:  2    Str: 21    XL:     3   Next: 48%
Magic:  2/2        EV: 12    Int:  4    God:    Trog [**....]
Gold:   82         SH:  0    Dex: 10    Spells: 2/2 levels left

rFire    . . .     SeeInvis .   a - +0 hand axe
rCold    . . .     Faith    .   (no shield)
rNeg     + . .     Spirit   .   b - +0 animal skin
rPois    .         Reflect  .   (helmet restricted)
rElec    .         Harm     .   (no cloak)
rCorr    .         Rampage  .   (no gloves)
Will     +....                  (no boots)
Stlth    +.........             (no amulet)
HPRegen  0.10/turn              g - ring of positive energy
MPRegen  0.08/turn              k - ring of willpower

@: no status effects
A: horns 2, retaliatory headbutt
a: Renounce Religion, Berserk, Trog's Hand


You were on level 2 of the Dungeon.
You worshipped Trog.
Trog was pleased with you.
You visited 1 branch of the dungeon, and saw 2 of its levels.

You collected 82 gold pieces.

Inventory:

Hand Weapons
 a - a +0 hand axe (weapon)
Armour
 b - a +0 animal skin (worn)
Jewellery
 g - a ring of positive energy (left hand)
 k - a ring of willpower (right hand)
Scrolls
 e - a scroll of fog {unknown}
 h - 4 scrolls of torment {unknown}
 j - 2 scrolls of identify {unknown}
 l - a scroll of summoning {unknown}
Potions
 c - a potion of lignification {unknown}
 d - a potion of curing {unknown}
 f - a potion of heal wounds {unknown}
 i - a potion of might {unknown}


   Skills:
 - Level 3.6 Fighting
 * Level 5.0 Axes
 + Level 3.3 Armour
 - Level 2.1 Dodging


You had 2 spell levels left.
You didn't know any spells.
Your spell library contained the following spells:

 Spells                   Type           Power      Damage    Failure   Level
 Ensorcelled Hibernation  Hex/Ice        0%         N/A       65%         2
 Slow                     Hex            0%         N/A       65%         2
 Dazzling Flash           Conj/Hex       0%         N/A       86%         3
 Portal Projectile        Hex/Tloc       0%         N/A       86%         3


Dungeon Overview and Level Annotations

Branches:
Dungeon (2/15)

Altars:

Annotations:
D:2 Robin


Innate Abilities, Weirdness & Mutations

You have a pair of horns on your head.
You reflexively headbutt those who attack you in melee.


Message History

a +0 dagger; a +0 dagger You miss the goblin.
You hit the goblin.
You feel the effects of Trog's Hand fading.
The goblin barely misses you. The goblin completely misses you. x2
You miss the goblin. Your headbutt misses the goblin.
The goblin is heavily wounded.
You hit the goblin but do no damage. The goblin misses you.
You furiously retaliate!
You headbutt the goblin!
You kill the goblin!
Trog accepts your kill. The goblin closely misses you.
You barely miss the goblin.
The goblin is heavily wounded.
You closely miss the goblin. The goblin hits you with a +0 dagger.
The goblin hits you but does no damage.
You completely miss the goblin.
The goblin is heavily wounded.
You hit the goblin but do no damage. The goblin hits you with a +0 dagger.
The goblin misses you. You furiously retaliate!
You headbutt the goblin.
You kill the goblin!
Trog accepts your kill. Robin throws the goblin at you!
The goblin hits you with a +0 dagger. The goblin hits you but does no damage.
Your Axes skill increases to level 5!
Unknown command.
You barely miss the goblin. x2; You hit the goblin.
You kill the goblin!
Trog accepts your kill.
The goblin hits you with a +0 dagger. x2
* * * LOW HITPOINT WARNING * * *
You barely miss the goblin. You hit the goblin. The goblin closely misses you.
The goblin hits you with a +0 dagger.
* * * LOW HITPOINT WARNING * * *
You hit the goblin.
You kill the goblin!
Trog accepts your kill.
You barely miss the goblin.
Your skin stops crawling.
You feel less strong-willed. The goblin hits you with a +0 dagger.
You die...

g..... ......#.. ...)#.##.......
...........##.### .
..........###...## .
........)........## .#
.......g#.........###.###
#........!..gg###.............#
..........(..g###.............#
.............g@)...............
.....#.......#####(...........#
.....#.......# #.............. .
...........####.............#
...###........##...............#
.>...............##............#
#.#.###..#..#.######............#
#.#.###.........# #...#.########
#.#.#...#.##....#.....>#.#


You could see Robin, 2 hobgoblins and 2 goblins.

Vanquished Creatures
  An adder (D:2)
  A worm (D:2)
  5 ball pythons
  5 endoplasms
  9 goblins
  3 hobgoblins
  A kobold (D:1)
  4 bats
  A frilled lizard (D:1)
  3 rats
33 creatures vanquished.

Notes
Turn   | Place    | Note
-------+----------+-------------------------------------------
     0 | D:1      | mordus the Minotaur Berserker began the quest for the Orb.
     0 | D:1      | Reached XP level 1. HP: 19/19 MP: 0/0
   182 | D:1      | Reached skill level 4 in Axes
   241 | D:1      | Reached XP level 2. HP: 26/26 MP: 1/1
  1028 | D:2      | Reached ** piety under Trog
  1223 | D:2      | Reached XP level 3. HP: 31/31 MP: 2/2
  1227 | D:2      | Identified the Handbook of Bewitchment
  1262 | D:2      | Noticed Robin
  1287 | D:2      | Reached skill level 5 in Axes
  1289 | D:2      | Slain by a goblin

Illustrated notes

Levels and vault maps discovered:
D:1:      lightli_arrival_chessboard, layout_basic, serial_curves,
          eino_curves_04, eino_curves_04, minmay_quantized
D:2:      layout_rooms, basic_altar, minmay_worlds_worst_comb, uniq_robin

Skill      XL: |  1  2  3 |
---------------+----------+-----
Axes           | 4 5 |  5.0
Armour         | 3 |  3.3
Fighting       | |  3.6
Dodging        | |  2.1

Action                   || total
-------------------------++-------
Melee: Hand axe          ||    62
       Headbutt          ||     8
Invok: Trog's Hand       ||     1
Armor: Animal skin       ||    13
Dodge: Dodged            ||    41

Table legend: (Time is in decaauts)
 A = Elapsed time spent in this place.
 B = Non-inter-level travel time spent in this place.
 C = Inter-level travel time spent in this place.
 D = Time resting spent in this place.
 E = Time spent auto-exploring this place.
 F = Levels seen in this place.
 G = Mean time per level.
                   A        B        C        D        E       F      G
               +--------+--------+--------+--------+--------+-----+--------+
         Total |   1292 |   1259 |     33 |    345 |    721 |   2 |  646.0 |
       Dungeon |   1292 |   1259 |     33 |    345 |    721 |   2 |  646.0 |
               +--------+--------+--------+--------+--------+-----+--------+

Top non-repeatable levels by time:
     D:1: 894 daAuts
     D:2: 398 daAuts
